 Dungeon Crawl Stone Soup version 0.22-a0-367-gb72a975 (webtiles) character file.

1864 Gildeon the Cleaver (level 8, 0/64 HPs)
             Began as a Minotaur Fighter on Apr 22, 2018.
             Was a Follower of Nemelex Xobeh.
             Slain by Joseph
             ... wielding a +0 quarterstaff
              (11 damage)
             ... on level 7 of the Dungeon.
             The game lasted 00:20:54 (5663 turns).

Gildeon the Cleaver (Minotaur Fighter)              Turns: 5663, Time: 00:20:55

Health: 0/64       AC: 10    Str: 27    XL:     8   Next: 90%
Magic:  16/16      EV:  4    Int:  6    God:    Nemelex Xobeh [*.....]
Gold:   131        SH: 16    Dex: 10    Spells: 6/7 levels left

rFire    . . .     SeeInvis .   c - +1 hand axe (elec)
rCold    . . .     Gourm    .   k - +1 large shield
rNeg     . . .     Faith    .   o - +0 chain mail
rPois    .         Spirit   .   (helmet restricted)
rElec    .         Reflect  .   (no cloak)
rCorr    .         Harm     .   n - +0 pair of gloves
MR       .....                  (no boots)
Stlth    ..........             (no amulet)
HPRegen  0.20/turn              j - ring of magical power
MPRegen  0.15/turn              (no ring)

@: mighty
A: retaliatory headbutt, horns 2
a: Renounce Religion


You were on level 7 of the Dungeon.
You worshipped Nemelex Xobeh.
Nemelex Xobeh was aware of your devotion.
You were not hungry.

You visited 1 branch of the dungeon, and saw 7 of its levels.

You collected 391 gold pieces.
You spent 260 gold pieces at shops.

Inventory:

Hand Weapons
 a - a +0 war axe
 c - a +1 hand axe of electrocution (weapon)
 h - a +2 antimagic hand axe
 v - a +2 mace of protection
Armour
 b - a +0 scale mail
 k - a +1 large shield (worn)
 n - a +0 pair of gloves (worn)
 o - a +0 chain mail (worn)
 s - +0 steam dragon scales
Jewellery
 j - a ring of magical power (left hand)
Wands
 g - a wand of digging (22)
Scrolls
 l - a scroll of teleportation
 m - a scroll of remove curse
Potions
 e - 4 potions of curing
 i - a potion of magic
 p - a potion of flight
 q - 3 potions of degeneration {unknown}
 r - 2 potions of heal wounds {unknown}
 t - a potion of cancellation {unknown}
 u - a potion of brilliance {unknown}
 x - a potion of mutation {unknown}
Comestibles
 f - 9 rations


   Skills:
 - Level 3.6 Fighting
 + Level 13.4 Axes
 - Level 3.6 Armour
 - Level 3.6 Shields


You had 6 spell levels left.
You knew the following spells:

 Your Spells              Type           Power        Failure   Level  Hunger
a - Magic Dart            Conj           #...         100%        1    ##.....


Dungeon Overview and Level Annotations

Branches:
Dungeon (7/15)             Temple (0/1) D:6

Altars:
Ashenzari
Cheibriados
Gozag
Makhleb
Nemelex Xobeh
Qazlal
Xom
Yredelemnul

Shops:
D:5 :   D:6 :

Annotations:
D:7 Joseph


Innate Abilities, Weirdness & Mutations

You reflexively headbutt those who attack you in melee.
You have a pair of horns on your head.


Message History

You completely miss the orc warrior.
The orc warrior hits you with a dire flail!!
You hit Joseph.
Joseph is moderately wounded.
You hit the orc warrior.
Lightning courses through the orc warrior!
Joseph hits you but does no damage.
You feel better.
The orc warrior hits you with a dire flail.
You block Joseph's attack.
You feel very mighty all of a sudden. You block the orc warrior's attack.
You block Joseph's attack.
You slash Joseph!
Joseph is heavily wounded.
You hit the orc warrior.
The orc warrior hits you with a dire flail!
* * * LOW HITPOINT WARNING * * *
Joseph hits you with an uncursed quarterstaff!
You die...
Your body disappears without a glow.

#.#......#.#.###.##......#
#.####...#.#..<#.######.##
#....#...#.#####........# .
####.#...#.........#.#..# .##
#.##'###########..##.##+###..#
#....# ##8..8#.........#
###### ##...>...........#
#.(.....#........#
#@#8..8##.........
....ooo@##..###.......#.
........#<............#
..>.....#.............#
........#######.#.#####
................#.#
...............##.######
........................
..........##.#)....


You could see Joseph, an orc warrior, an orc wizard and an orc.

Vanquished Creatures
  Menkaure (D:7)
  Duvessa (D:6)
  A water moccasin (D:6)
  2 sky beasts
  An ice beast (D:6)
  A phantom (D:6)
  A necrophage (D:7)
  2 bullfrogs (D:6)
  Blork the orc (D:4)
  Dowan (D:6)
  A scorpion (D:4)
  A centaur zombie (D:6)
  2 crimson imps (D:6)
  A quasit (D:7)
  2 centaur skeletons (D:6)
  Jessica (D:2)
  2 iguanas
  Ijyb (D:3)
  Natasha (thrice) (D:2)
  5 worker ants
  A killer bee zombie (D:6)
  A hound zombie (D:6)
  A worker ant zombie (D:5)
  Robin (D:2)
  4 gnolls (D:6)
  6 adders
  5 worms
  3 dart slugs
  7 leopard geckos
  9 orcs
  9 bats
  5 giant cockroaches
  20 goblins
  12 hobgoblins
  9 jackals
  8 kobolds
  2 quokkas (D:2)
  4 ball pythons
  4 frilled lizards
  3 quokka skeletons
  10 rats
155 creatures vanquished.

Notes
Turn   | Place    | Note
-------+----------+-------------------------------------------
     0 | D:1      | Gildeon the Minotaur Fighter began the quest for the Orb.
     0 | D:1      | Reached XP level 1. HP: 19/19 MP: 0/0
    71 | D:1      | Reached skill level 3 in Axes
   138 | D:1      | Reached XP level 2. HP: 26/26 MP: 1/1
   393 | D:1      | Reached skill level 4 in Axes
   705 | D:2      | Noticed Natasha
   711 | D:2      | Noticed a crimson imp
   712 | D:2      | Killed Natasha
   712 | D:2      | Reached XP level 3. HP: 27/31 MP: 2/2
   731 | D:2      | Reached skill level 5 in Axes
   806 | D:2      | Noticed Natasha
   814 | D:2      | Killed Natasha
   814 | D:2      | Reached XP level 4. HP: 32/39 MP: 3/3
   853 | D:2      | Noticed Jessica
   859 | D:2      | Killed Jessica
   859 | D:2      | Reached skill level 6 in Axes
   910 | D:2      | Noticed Natasha
   918 | D:2      | Killed Natasha
   918 | D:2      | Reached XP level 5. HP: 43/45 MP: 4/4
  1033 | D:2      | Noticed Robin
  1056 | D:2      | Killed Robin
  1233 | D:2      | Found a shattered altar of Ashenzari.
  1325 | D:3      | Reached skill level 7 in Axes
  1697 | D:3      | Noticed Ijyb
  1710 | D:3      | Killed Ijyb
  2373 | D:4      | Found a snail-covered altar of Cheibriados.
  2517 | D:4      | Reached XP level 6. HP: 49/51 MP: 5/5
  2886 | D:4      | Noticed Blork the orc
  2894 | D:4      | Killed Blork the orc
  2894 | D:4      | Reached skill level 8 in Axes
  3030 | D:4      | Found an opulent altar of Gozag.
  3031 | D:4      | Found a sparkling altar of Nemelex Xobeh.
  3038 | D:4      | Reached skill level 9 in Axes
  3059 | D:4      | Became a worshipper of Nemelex Xobeh the Trickster
  3279 | D:5      | Entered Level 5 of the Dungeon
  3293 | D:5      | Found a stormy altar of Qazlal.
  3353 | D:5      | Received a gift from Nemelex Xobeh
  3630 | D:5      | Found Ipeadoji's Book Emporium.
  3651 | D:5      | Bought a book of Minor Magic for 260 gold pieces
  3653 | D:5      | Learned a level 1 spell: Magic Dart
  3730 | D:5      | Found a shimmering altar of Xom.
  3737 | D:5      | Found a sparkling altar of Nemelex Xobeh.
  3737 | D:5      | Found a stormy altar of Qazlal.
  3739 | D:5      | Found a basalt altar of Yredelemnul.
  3739 | D:5      | Found a burning altar of Makhleb.
  3739 | D:5      | Found a hazy altar of Hepliaklqana.
  3740 | D:5      | Reached XP level 7. HP: 57/57 MP: 6/6
  3905 | D:6      | Reached skill level 10 in Axes
  3942 | D:6      | Found Musi's Book Boutique.
  4099 | D:6      | Reached * piety under Nemelex Xobeh
  4119 | D:6      | Reached skill level 11 in Axes
  4120 | D:6      | Found a staircase to the Ecumenical Temple.
  4132 | D:6      | Reached XP level 8. HP: 46/64 MP: 7/7
  4282 | D:6      | Reached skill level 12 in Axes
  4533 | D:6      | Noticed Dowan
  4535 | D:6      | Noticed Duvessa
  4555 | D:6      | Killed Duvessa
  4559 | D:6      | Killed Dowan
  4732 | D:6      | Found a basalt altar of Yredelemnul.
  5010 | D:7      | Noticed Menkaure
  5018 | D:7      | Killed Menkaure
  5181 | D:7      | Reached skill level 13 in Axes
  5653 | D:7      | Noticed Joseph
  5663 | D:7      | Slain by Joseph

Vault maps used:
D:1:      eino_arrival_cavern_b
D:2:      lemuel_round_altar, uniq_jessica, uniq_robin, uniq_natasha
D:3:      cheibrodos_greedy_goblins, uniq_ijyb
D:4:      cheibrodos_barr_body, grunt_temple_overflow_opulence,
          cheibriados_altar_1, first_ration, uniq_blork_the_orc
D:5:      lemuel_crystal_altar, serial_shops, nicolae_shop_window_shopping,
          doesnt_xom_only_xom
D:6:      overflow_temple_1_default, temple_fountains, serial_shops,
          nicolae_shop_stone, minmay_statues_item, uniq_duvessa
D:7:      black_bear_nest_1, st_stairs_6, grunt_livestock, uniq_joseph,
          uniq_menkaure

Skill      XL: |  1  2  3  4  5  6  7  8 |
---------------+-------------------------+-----
Axes           | 3 4 5 6 7 9 11 13 | 13.4
Fighting       | |  3.6
Armour         | |  3.6
Shields        | |  3.6

Action                   |  1- 3 |  4- 6 |  7- 9 || total
-------------------------+-------+-------+-------++-------
Melee: War axe           |    20 |       |       ||    20
       Hand axe          |    41 |   188 |   119 ||   348
       Headbutt          |     7 |    28 |    24 ||    59
Evoke: Deck              |       |     2 |     3 ||     5
       Wand              |       |     1 |       ||     1
  Use: Scroll            |     2 |     6 |     3 ||    11
       Potion            |     1 |       |     4 ||     5
  Eat: Chunk             |       |     4 |     2 ||     6
       Ration            |       |     2 |     1 ||     3
Armor: Scale mail        |    25 |    49 |    31 ||   105
       Chain mail        |       |       |     2 ||     2
Dodge: Dodged            |    11 |    19 |    19 ||    49
Block: Shield            |    13 |       |       ||    13
       Large shield      |    14 |   119 |    92 ||   225

Table legend:
 A = Spawn XP
 B = Non-spawn XP
 C = Spawn XP percentage of total XP
 D = Spawn monster count
 E = Non-spawn monster count
 F = Spawn count percentage of total count
 G = Total turns spent on level
                    A         B        C        D         E        F      G
               +---------+---------+-------+---------+---------+-------+---------
         Total |       0 |    2664 |   0.0 |       0 |     155 |   0.0 |  5663
               +---------+---------+-------+---------+---------+-------+---------
           D:1 |       0 |      36 |   0.0 |       0 |      21 |   0.0 |   654
           D:2 |       0 |     238 |   0.0 |       0 |      42 |   0.0 |   663
           D:3 |       0 |      88 |   0.0 |       0 |      20 |   0.0 |  1049
           D:4 |       0 |     324 |   0.0 |       0 |      26 |   0.0 |   913
           D:5 |       0 |      67 |   0.0 |       0 |       7 |   0.0 |   605
           D:6 |       0 |    1411 |   0.0 |       0 |      29 |   0.0 |  1126
           D:7 |       0 |     500 |   0.0 |       0 |      10 |   0.0 |   653
               +---------+---------+-------+---------+---------+-------+---------
